AoeStats
← darador86

Scandinavia

510654548Analyzed
1v1 RM · 2d ago on Oct 2, 2026· 27m 28s· 2 players
Game mode
Random Map
Map size
Tiny (2 player)
Population
200
Speed
Normal
Resources
Standard
Victory
Conquest
Starting age
Dark Age
Ending age
Imperial Age
RankedLock teamsTeams togetherTeam positionsShared explorationLock speedFull tech treeHidden civsTurbo modeCheats
Victory
Defeat
🇦🇷 Magyars · Argentina
528
+13
🇦🇷 Franks · Argentina
461
-13
R.Zoro87
4:45 Loom
12:07 Feudal Age
13:24 Fishing Lines
14:10 Double-Bit Axe
20:31 Castle Age
20:48 Forging
21:48 Bow Saw
23:08 Gillnets
24:03 Man-at-Arms
24:15 Pikeman
darador86
15:09 Feudal Age
16:04 Fishing Lines
16:33 Double-Bit Axe
21:39 Castle Age
20:10 Scale Barding Armor
20:24 Bloodlines
21:12 Stone Mining
21:12 Gold Mining
22:24 Husbandry
21:53 Pikeman
24:04 Chain Barding Armor
23:33 Horse Collar
23:49 Town Watch
Connection lost

Rejoining the realm…

Still unreachable

The connection could not be restored.

Session expired

The server has moved on; the page needs a fresh start.